 Dungeon Crawl Stone Soup version 0.21-a0-396-ga924934 (webtiles) character file.

119 Ijustatesigmund the Sneak (level 4, -4/22 HPs)
             Began as a Spriggan Assassin on Oct 19, 2017.
             Slain by a gnoll
             ... wielding a cursed +0 flail
              (11 damage)
             ... on level 3 of the Dungeon.
             The game lasted 00:04:54 (2459 turns).

Ijustatesigmund the Sneak (Spriggan Assassin)       Turns: 2459, Time: 00:04:55

Health: -4/22      AC:  3    Str:  7    XL:     4   Next: 73%
Magic:  5/5        EV: 19    Int: 13    God:
Gold:   57         SH:  0    Dex: 17    Spells: 3/3 levels left

rFire    . . .     SeeInvis +   a - +2 dagger
rCold    . . .     Gourm    .   (shield restricted)
rNeg     . . .     Faith    .   c - +0 robe
rPois    +         Spirit   .   (helmet restricted)
rElec    .         Reflect  .   d - +0 cloak
rCorr    .         Harm     .   (gloves unavailable)
MR       .....                  (boots unavailable)
Stlth    ++++......             (no amulet)
HPRegen  0.07/turn              p - ring of poison resistance
MPRegen  0.09/turn              (no ring)

@: very quick
A: unfitting armour, see invisible, herbivore 3, speed 3, slow metabolism 2
a: no special abilities


You were on level 3 of the Dungeon.
You were not hungry.

You visited 1 branch of the dungeon, and saw 4 of its levels.

You collected 57 gold pieces.

Inventory:

Hand Weapons
 a - a +2 dagger (weapon)
 b - a +0 blowgun
Missiles
 e - 35 poisoned needles
 f - 2 curare-tipped needles
 i - 4 tomahawks (quivered)
Armour
 c - a +0 robe (worn)
 d - a +0 cloak (worn)
Jewellery
 p - a ring of poison resistance (left hand)
Scrolls
 m - a scroll of amnesia
 q - 2 scrolls of teleportation
Potions
 h - a potion of ambrosia
 j - a potion of cancellation {unknown}
 k - a potion of invisibility
 n - 2 potions of brilliance {unknown}
 o - a potion of resistance {unknown}
Comestibles
 g - 2 bread rations
 l - 2 royal jellies


   Skills:
 - Level 1.5 Fighting
 + Level 3.6 Short Blades
 - Level 2.0 Throwing
 + Level 4.1 Dodging
 + Level 7.2 Stealth


You had 3 spell levels left.
You didn't know any spells.

Dungeon Overview and Level Annotations

Branches:
Dungeon (4/15)
 Temple: D:4-7

Altars:
Kikubaaqudgha
Okawaru
The Shining One

Annotations:
D:4 Eustachio


Innate Abilities, Weirdness & Mutations

You are very small and have problems with some larger weapons.
You are too small for most types of armour.
You have supernaturally acute eyesight. (SInv)
You are a herbivore.
You cover ground extremely quickly.
You need consume almost no food.


Message History

You shoot a poisoned needle.
The poisoned needle barely misses the worm.
Firing (i - inventory. (,) - cycle):
e - 37 poisoned needles (quivered)
Press: ? - help, Shift-Dir - straight line, f/p - worm
Aim: a worm (almost dead, poisoned)
You shoot a poisoned needle. The poisoned needle hits the worm.
The worm looks as sick as possible!
The worm is almost dead.
Firing (i - inventory. (,) - cycle):
e - 36 poisoned needles (quivered)
Press: ? - help, Shift-Dir - straight line, f/p - worm
Aim: a worm (almost dead, poisoned)
You shoot a poisoned needle.
The poisoned needle barely misses the worm.
You kill the worm!
You start resting.
Wield which item (- for none, * to show all)? (? for menu, Esc to quit)
a - a +2 dagger (weapon)
You climb upwards.
The gnoll hits you with a flail!
Ouch! That really hurt!
You die...

.†..#
#......##.#
....#
######..#.#
)...# ##.#.#
....# #†#.#
##### #.#.#
#.#.# #...#
##..# #.@#
####g### #
#...gg.#####.###
#....g.g.w......
#........g....#
#.............#
#......##....##
#.(...%# ....#
####.### ....#


You could see 4 gnolls.

Vanquished Creatures
  4 adders
  2 worms
  3 leopard geckos
  An orc (D:3)
  A ball python (D:1)
  5 bats
  6 giant cockroaches
  13 goblins
  5 hobgoblins
  6 jackals (D:3)
  4 quokkas
  A frilled lizard (D:2)
  11 kobolds
  5 rats
67 creatures vanquished.

Vanquished Creatures (others)
  A human (D:2)
1 creature vanquished.

Grand Total: 68 creatures vanquished

Notes
Turn   | Place    | Note
-------+----------+-------------------------------------------
     0 | D:1      | Ijustatesigmund the Spriggan Assassin began the quest for the Orb.
     0 | D:1      | Reached XP level 1. HP: 10/10 MP: 2/2
    30 | D:1      | Reached skill level 6 in Stealth
   161 | D:1      | Reached XP level 2. HP: 14/14 MP: 3/3
   515 | D:2      | Found an iron altar of Okawaru.
   689 | D:2      | Reached XP level 3. HP: 18/18 MP: 4/4
   725 | D:2      | Found a glowing golden altar of the Shining One.
  1314 | D:2      | Found an ancient bone altar of Kikubaaqudgha.
  1314 | D:2      | Noticed a human
  1317 | D:2      | Killed a human
  1461 | D:4      | Noticed Eustachio
  1461 | D:4      | Noticed a phantom
  1766 | D:3      | Reached XP level 4. HP: 22/22 MP: 5/5
  2125 | D:3      | Reached skill level 7 in Stealth
  2459 | D:3      | Slain by a gnoll

Vault maps used:
D:1:      saegor_arrival_simple_a
D:2:      nicolae_overflow_crystal_walls, lemuel_crystal_altar,
          tgw_kikubaaqudgha
D:4:      nicolae_overflow_hidden_temple, serial_shops,
          nicolae_shop_behind_doors, uniq_eustachio

Skill      XL: |  1  2  3  4 |
---------------+-------------+-----
Stealth        | 6 7 |  7.2
Dodging        | 2 3 4 |  4.1
Short Blades   | 3 |  3.6
Fighting       | |  1.5
Throwing       | |  2.0

Action                   |  1- 3 |  4- 6 || total
-------------------------+-------+-------++-------
Melee: Dagger            |   132 |    85 ||   217
 Fire: Blowgun           |     5 |    15 ||    20
  Use: Scroll            |     6 |       ||     6
 Stab: Sleeping          |    20 |     5 ||    25
Armor: Robe              |    11 |     5 ||    16
Dodge: Dodged            |   100 |    83 ||   183

Table legend:
 A = Spawn XP
 B = Non-spawn XP
 C = Spawn XP percentage of total XP
 D = Spawn monster count
 E = Non-spawn monster count
 F = Spawn count percentage of total count
 G = Total turns spent on level
                    A         B        C        D         E        F      G
               +---------+---------+-------+---------+---------+-------+---------
         Total |       0 |     170 |   0.0 |       0 |      67 |   0.0 |  2459
               +---------+---------+-------+---------+---------+-------+---------
           D:1 |       0 |      25 |   0.0 |       0 |      14 |   0.0 |   469
           D:2 |       0 |      58 |   0.0 |       0 |      26 |   0.0 |   898
           D:3 |       0 |      82 |   0.0 |       0 |      26 |   0.0 |  1050
           D:4 |       0 |       5 |   0.0 |       0 |       1 |   0.0 |    42
               +---------+---------+-------+---------+---------+-------+---------
